 Dungeon Crawl Stone Soup version 0.28-a0-723-g095bd1b44f (webtiles) character file.

Game seed: 12064262384922107933

380 Demosthentine the Digger (level 6, -2/32 HPs)
             Began as a Gargoyle Earth Elementalist on Oct 25, 2021.
             Slain by an elf zombie (4 damage)
             ... in an ossuary.
             The game lasted 00:08:09 (4092 turns).

Demosthentine the Digger (GrEE)                     Turns: 4092, Time: 00:08:09

Health: -2/32      AC:  8    Str: 12    XL:     6   Next: 75%
Magic:  4/11       EV: 12    Int: 23    God:
Gold:   119        SH:  0    Dex: 10    Spells: 6/12 levels left

rFire   . . .      SeeInvis .   e - staff of earth
rCold   . . .      Faith    .   (no shield)
rNeg    + . .      Spirit   .   b - +0 robe
rPois   ∞          Reflect  .   (no helmet)
rElec   +          Harm     .   (no cloak)
rCorr   .          Rampage  .   (no gloves)
Will    .....                   g - +1 pair of boots
Stlth   ++........              (no amulet)
HPRegen 0.10/turn               f - +6 ring of intelligence
MPRegen 0.12/turn               (no ring)

@: no status effects
A: sickness immunity, AC +4, negative energy resistance 1, electricity
resistance, torment resistance 1, petrification resistance
a: no special abilities


You were in an ossuary.
You visited 1 branch of the dungeon, and saw 4 of its levels.
You also visited: Ossuary.

You collected 119 gold pieces.

Inventory:

Missiles
 c - 48 stones
Armour
 b - a +0 robe (worn)
 g - a +1 pair of boots (worn)
Magical Staves
 e - a staff of earth (weapon)
Jewellery
 f - a +6 ring of intelligence (left hand)
Wands
 j - a wand of charming (6)
Scrolls
 k - a scroll of teleportation
Potions
 a - 3 potions of curing
 d - a potion of might {unknown}
 h - a potion of heal wounds
 l - a potion of degeneration {unknown}


   Skills:
 + Level 0.1 Fighting
 + Level 0.1 Staves
 + Level 3.1 Dodging
 - Level 2.1 Stealth
 + Level 3.5 Spellcasting
 - Level 2.6 Conjurations
 - Level 1.5 Transmutations
 + Level 5.3 Earth Magic


You had 6 spell levels left.
You knew the following spells:

 Your Spells              Type           Power      Damage    Failure   Level
a - Sandblast             Erth           86%        2d18      1%          1
b - Stone Arrow           Conj/Erth      68%        3d11      6%          3
c - Passwall              Tmut/Erth      25%        N/A       4%          2

Your spell library contained the following spells:

 Spells                   Type           Power      Damage    Failure   Level
 Ensorcelled Hibernation  Hex/Ice        8%         N/A       17%         2
 Spider Form              Tmut/Pois      3%         N/A       24%         3
 Petrify                  Tmut/Erth      30%        N/A       26%         4


Dungeon Overview and Level Annotations

Branches:
Dungeon (4/15)            Ossuary (1/1)
 Temple: D:4-7

Altars:
Fedhas
Makhleb
Qazlal

Annotations:
D:3 Natasha


Innate Abilities, Weirdness & Mutations

You are immune to sickness and miasma.
Your stone body is resilient. (AC +4)
You are immune to poison.
You resist negative energy. (rN+)
You are resistant to electric shocks. (rElec)
You are resistant to unholy torment.
You are immune to petrification.


Message History

Aiming: Sandblast (safe; 1% risk of failure)
Press: ? - help, Shift-Dir - straight line, f/p - elf zombie
Aim: an elf zombie (heavily damaged, 83% to hit)
You feel a surge of power!
The blast of sand misses the elf zombie.
The jackal zombie barely misses you. The elf zombie hits you.
* * * LOW HITPOINT WARNING * * *
The jackal zombie closely misses you.
The elf zombie hits you but does no damage.
Casting: Sandblast (safe; 1% risk of failure)
Confirm with . or Enter, or press ? or * to list all spells.
Aiming: Sandblast (safe; 1% risk of failure)
Press: ? - help, Shift-Dir - straight line, f/p - elf zombie
Aim: an elf zombie (heavily damaged, 83% to hit)
You feel a surge of power!
The blast of sand hits the elf zombie!
The elf zombie is heavily damaged.
The elf zombie hits you.
* * * LOW HITPOINT WARNING * * *
The jackal zombie bites you but does no damage.
Casting: Sandblast (safe; 1% risk of failure)
Confirm with . or Enter, or press ? or * to list all spells.
Aiming: Sandblast (safe; 1% risk of failure)
Press: ? - help, Shift-Dir - straight line, f/p - elf zombie
Aim: an elf zombie (heavily damaged, 83% to hit)
You feel a surge of power!
The blast of sand hits the elf zombie!
The elf zombie is severely damaged.
The elf zombie hits you.
* * * LOW HITPOINT WARNING * * *
The jackal zombie bites you but does no damage.
The elf zombie completely misses you.
Casting: Sandblast (safe; 1% risk of failure)
Confirm with . or Enter, or press ? or * to list all spells.
Aiming: Sandblast (safe; 1% risk of failure)
Press: ? - help, Shift-Dir - straight line, f/p - elf zombie
Aim: an elf zombie (severely damaged, 83% to hit)
You feel a surge of power!
The blast of sand hits the elf zombie!!
You destroy the elf zombie!
The jackal zombie bites you but does no damage.
The elf zombie hits you.
You die...

###################
..................#
..................#
..#+#......###....#
.## ##....## ##...#
.# #....# #.@.# .#
#....#


#ZZZ# ## ##..## ##.Z# # #..# #..# # #..# #..# # #..# #..# # #..# # #..# # You
could see a rat zombie, a jackal zombie, an elf zombie and a centaur zombie.

Vanquished Creatures
  Purgy (D:3)
  An ogre (D:3)
  An elf zombie (Ossuary)
  A scorpion (D:3)
  Natasha (D:3)
  A hound zombie (Ossuary)
  3 adders
  7 dart slugs
  An orc (D:3)
  9 ball pythons
  7 endoplasms
  A giant cockroach (D:1)
  3 goblins
  2 hobgoblins
  4 jackals (D:2)
  10 kobolds
  A quokka (D:3)
  6 bats
  3 frilled lizards
  A hobgoblin zombie (Ossuary)
  A jackal zombie (Ossuary)
  2 kobold zombies (Ossuary)
  A quokka zombie (Ossuary)
  2 rats
  3 rat zombies (Ossuary)
73 creatures vanquished.

Vanquished Creatures (others)
  5 plants (D:2)
5 creatures vanquished.

Grand Total: 78 creatures vanquished

Notes
Turn   | Place    | Note
-------+----------+-------------------------------------------
     0 | D:1      | Demosthentine the Gargoyle Earth Elementalist began the
                  | quest for the Orb.
     0 | D:1      | Reached XP level 1. HP: 10/10 MP: 3/3
   466 | D:1      | Reached skill level 1 in Transmutations
   512 | D:1      | Reached XP level 2. HP: 15/15 MP: 3/5
  1171 | D:1      | Reached skill level 4 in Earth Magic
  1502 | D:2      | Reached XP level 3. HP: 19/19 MP: 4/6
  2172 | D:2      | Reached XP level 4. HP: 24/24 MP: 5/7
  2481 | D:2      | Learned a level 3 spell: Stone Arrow
  2484 | D:2      | Learned a level 2 spell: Passwall
  2799 | D:3      | Found a blossoming altar of Fedhas.
  2830 | D:3      | Found a burning altar of Makhleb.
  2847 | D:3      | Noticed a scorpion
  2851 | D:3      | Killed a scorpion
  2852 | D:3      | Reached skill level 1 in Conjurations
  2852 | D:3      | Reached XP level 5. HP: 28/28 MP: 4/9
  2877 | D:3      | Noticed an ogre
  2884 | D:3      | Killed an ogre
  2885 | D:3      | Reached XP level 6. HP: 4/32 MP: 4/10
  3246 | D:3      | Reached skill level 5 in Earth Magic
  3282 | D:3      | Noticed Purgy
  3291 | D:3      | Killed Purgy
  3373 | D:3      | Found a faded altar of an unknown god.
  3386 | D:3      | Noticed Natasha
  3391 | D:3      | Killed Natasha
  3578 | D:3      | Found a stormy altar of Qazlal.
  3878 | D:3      | Noticed Natasha
  3901 | D:3      | Identified a scroll of acquirement
  3901 | D:3      | Acquired a staff of earth
  3996 | D:4      | Found a sand-covered staircase.
  4001 | Ossuary  | Entered an ossuary
  4092 | Ossuary  | Slain by an elf zombie

Illustrated notes

Levels and vault maps discovered:
D:1:      minmay_arrival_shattered_statue, layout_basic, minmay_box_of_dots
D:2:      layout_loops_cross, chequers_big_river
D:3:      layout_loops_ring, marbit_many_paths, lemuel_tele_altar,
          fedhas_altar_2, basic_ecumenical_altar, uniq_purgy, uniq_natasha
D:4:      layout_rooms, mainiacjoe_overflow_brackets,
          nicolae_ossuary_entry_false_entrances, serial_co_window_serial,
          co_window_paths_a, co_window_corner_a, co_window_corner_a,
          co_window_corner_a, co_window_paths_a, co_window_broadway_c,
          co_window_corner_ca, co_window_broadway_b, co_window_4corner_a,
          glass_columns_a, glass_columns_b, glass_columns_b, uniq_robin
Ossuary:  minmay_ossuary_two_tombs

Skill      XL: |  1  2  3  4  5  6 |
---------------+-------------------+-----
Transmutations | 1 |  1.5
Earth Magic    | 4 5 |  5.3
Dodging        | 2 3 |  3.1
Spellcasting   | 3 |  3.5
Conjurations   | 1 2 |  2.6
Fighting       | |  0.1
Staves         | |  0.1
Stealth        | |  2.1

Action                   |  1- 3 |  4- 6 || total
-------------------------+-------+-------++-------
Melee: Unarmed           |    11 |     8 ||    19
       Staff             |       |    59 ||    59
 Cast: Sandblast         |    65 |    52 ||   117
  Use: Scroll            |     3 |     6 ||     9
 Stab: Sleeping          |     1 |       ||     1
Armor: Robe              |    16 |    57 ||    73
Dodge: Dodged            |    52 |    76 ||   128

Table legend: (Time is in decaauts)
 A = Elapsed time spent in this place.
 B = Non-inter-level travel time spent in this place.
 C = Inter-level travel time spent in this place.
 D = Time resting spent in this place.
 E = Time spent auto-exploring this place.
 F = Levels seen in this place.
 G = Mean time per level.
                   A        B        C        D        E       F      G
               +--------+--------+--------+--------+--------+-----+--------+
         Total |   4110 |   4042 |     68 |     28 |   3364 |   5 |  822.0 |
       Dungeon |   4007 |   3939 |     68 |     28 |   3359 |   4 | 1001.8 |
       Ossuary |    102 |    102 |      0 |      0 |      5 |   1 |  102.0 |
               +--------+--------+--------+--------+--------+-----+--------+

Top non-repeatable levels by time:
     D:1: 1499 daAuts
     D:3: 1410 daAuts
     D:2: 1031 daAuts
 Ossuary: 102 daAuts
     D:4: 66 daAuts
